 Dungeon Crawl Stone Soup version 0.26.0-7-g794d0892b4 (webtiles) character file.

Game seed: 6257645426556302845

732 dolemite99 the Spear-Bearer (level 7, -5/57 HPs)
             Began as a Black Draconian Berserker on Jan 11, 2021.
             Was a Believer of Trog.
             Slain by Prince Ribbit (16 damage)
             ... on level 4 of the Dungeon.
             The game lasted 00:06:36 (5747 turns).

dolemite99 the Spear-Bearer (DrBe)                  Turns: 5747, Time: 00:06:37

Health: -5/57      AC:  7    Str: 21    XL:     7   Next: 45%
Magic:  7/7        EV: 12    Int:  7    God:    Trog [**....]
Gold:   221        SH:  0    Dex: 11    Spells: 6/6 levels left

rFire    . . .     SeeInvis .   C - +0 halberd
rCold    . . .     Faith    .   (shield currently unavailable)
rNeg     . . .     Spirit   .   (armour unavailable)
rPois    .         Reflect  .   (helmet restricted)
rElec    +         Harm     .   p - +0 cloak
rCorr    .         Rampage  .   (no gloves)
Will     .....                  (no boots)
Stlth    +.........             (no amulet)
HPRegen  0.19/turn              (no ring)
MPRegen  0.10/turn              (no ring)

@: lethally poisoned (-5 -> -8)
A: breathe lightning, unfitting armour, electricity resistance, cold-blooded, AC
+6
a: Breathe Lightning, Renounce Religion, Berserk, Trog's Hand


You were on level 4 of the Dungeon.
You worshipped Trog.
Trog was pleased with you.
You visited 1 branch of the dungeon, and saw 5 of its levels.

You collected 221 gold pieces.

Inventory:

Hand Weapons
 a - a +0 spear
 f - a +0 hunting sling
 g - a +0 mace
 j - a +0 hunting sling
 x - a +0 hunting sling of flaming
 B - a +1 dagger of venom
 C - a +0 halberd (weapon)
Missiles
 b - 189 stones
 h - 35 poisoned darts
 i - 136 arrows
 r - 25 sling bullets
 y - 13 bolts
 D - a throwing net
Armour
 p - a +0 cloak (worn)
Jewellery
 m - a cursed ring of teleportation {unknown}
Scrolls
 c - 7 scrolls of identify {unknown}
 d - 7 scrolls of remove curse {@r2}
 e - a scroll of teleportation
 k - a scroll of enchant armour {unknown}
 n - a scroll of fear {unknown}
 s - a scroll of fog {unknown}
 u - a scroll of blinking {unknown}
 w - a scroll of magic mapping {unknown}
Potions
 l - a potion of degeneration {unknown}
 o - a potion of heal wounds {unknown}
 q - a potion of attraction {unknown}
 t - a potion of lignification {unknown}
 v - 2 potions of mutation {unknown}
 z - a potion of flight {unknown}
 A - a potion of magic {unknown}


   Skills:
 - Level 3.2 Fighting
 + Level 8.9 Polearms
 - Level 2.6 Dodging


You had 6 spell levels left.
You didn't know any spells.
Your spell library was empty.

Dungeon Overview and Level Annotations

Branches:
Dungeon (5/15)
 Temple: D:4-7

Altars:
Fedhas
Makhleb
Okawaru
Sif Muna

Annotations:
D:4 1 runed translucent door, Khashishi's ghost, amateur OgMo; Prince Ribbit


Innate Abilities, Weirdness & Mutations

You can breathe wild blasts of lightning.
Your glossy black scales are hard. (AC +6)
You cannot fit into any form of body armour.
You are resistant to electric shocks. (rElec)
You are cold-blooded and may be slowed by cold attacks.


Message History

The worker ant is heavily wounded.
The worker ant bites you.
You are more poisoned.
The worker ant poisons you!
The leopard gecko bites you but does no damage.
The worker ant closely misses you.
You slash the worker ant!
You kill the worker ant!
Trog accepts your kill.
You feel sick. The leopard gecko barely misses you.
You miss the leopard gecko.
Your tail-slap misses the leopard gecko.
The leopard gecko closely misses you. The leopard gecko barely misses you.
You miss Prince Ribbit.
Your tail-slap misses Prince Ribbit.
Prince Ribbit is heavily wounded.
You feel sick. Prince Ribbit hits you!
* * * LOW HITPOINT WARNING * * *
The leopard gecko completely misses you.
Prince Ribbit hits you!
You die...

###...######.....#######...
#######..##...###....##.#.##...
##........###..............##...
##........#####..................
#..........># ##..............###
..........<.###................##
...>####....†..................##
[#....#..##....F................#
.......F.###...l@..............##
##.......##...####.......####..##
#...##F......###........## ##.#.
#..####.......###....#...###....
##.# #...................###..#
### ###..................##...
##.......#..............
##...#####.#.....##.... #.###
###.....##....


You could see Prince Ribbit and a leopard gecko.

Vanquished Creatures
  An ogre (D:4)
  4 orc priests (D:4)
  A bullfrog skeleton (D:4)
  Natasha (thrice) (D:2 D:1)
  6 orc wizards
  4 worker ants (D:4)
  A hound skeleton (D:4)
  4 gnolls (D:4)
  3 adders
  An ooze (D:4)
  A dart slug (D:2)
  A leopard gecko (D:4)
  13 orcs
  5 bats
  6 giant cockroaches
  10 goblins
  2 hobgoblins
  6 jackals
  A quokka (D:2)
  2 ball pythons
  3 frilled lizards
  5 kobolds
  A leopard gecko skeleton (D:4)
  A quokka skeleton (D:4)
  4 rats
89 creatures vanquished.

Vanquished Creatures (others)
  2 plants (D:3)
2 creatures vanquished.

Grand Total: 91 creatures vanquished

Notes
Turn   | Place    | Note
-------+----------+-------------------------------------------
     0 | D:1      | dolemite99 the Draconian Berserker began the quest for the
                  | Orb.
     0 | D:1      | Reached XP level 1. HP: 19/19 MP: 1/1
   896 | D:2      | Noticed Natasha
   901 | D:2      | Noticed a crimson imp
   905 | D:2      | Killed Natasha
   906 | D:2      | Reached skill level 4 in Polearms
   906 | D:2      | Reached XP level 2. HP: 26/26 MP: 2/2
   906 | D:2      | Reached XP level 3. HP: 31/31 MP: 3/3
  1960 | D:2      | Noticed Natasha
  1970 | D:2      | Killed Natasha
  1971 | D:2      | Reached skill level 5 in Polearms
  1971 | D:2      | Reached XP level 4. HP: 8/38 MP: 4/4
  1989 | D:2      | Noticed Natasha
  2004 | D:1      | Killed Natasha
  2591 | D:3      | Found a blossoming altar of Fedhas.
  2816 | D:3      | Reached XP level 5. HP: 45/45 MP: 5/5
  2866 | D:3      | Reached ** piety under Trog
  2928 | D:3      | Found an iron altar of Okawaru.
  2934 | D:3      | Found a burning altar of Makhleb.
  3215 | D:3      | Reached skill level 6 in Polearms
  3512 | D:3      | Found a shimmering blue altar of Sif Muna.
  3746 | D:4      | Found a runed translucent door.
  3804 | D:4      | Reached XP level 6. HP: 51/51 MP: 6/6
  3820 | D:4      | Reached skill level 7 in Polearms
  4423 | D:4      | Reached skill level 8 in Polearms
  4424 | D:4      | Your scales start taking on a glossy black colour.
  4424 | D:4      | Reached XP level 7. HP: 57/57 MP: 7/7
  4424 | D:4      | Gained mutation: You are resistant to electric shocks.
                  | (rElec) [Black Draconian growth]
  5186 | D:4      | Noticed Khashishi's ghost (amateur OgMo)
  5730 | D:5      | Entered Level 5 of the Dungeon
  5730 | D:5      | Noticed Prince Ribbit
  5747 | D:4      | Slain by Prince Ribbit

Illustrated notes

Levels and vault maps discovered:
D:1:      tarquinn_simple_flora_water_d, layout_loops_ring
D:2:      layout_basic, grunt_ministairs_15, uniq_natasha
D:3:      layout_rooms, led_sif_pool, nicolae_overflow_hidden_temple,
          fedhas_altar_1, corexii_shack, corexii_leaking_fountain,
          grunt_decor_arrowhead, minmay_misc_feat_x
D:4:      layout_cave_pools, ebering_ghost_inner_flame
D:5:      layout_loops_ring, nzn_wu_jian_council_hall,
          minmay_temple_entry_butterflies, serial_shops,
          nicolae_shop_statue_plus, nicolae_ru_the_path_less_chosen,
          uniq_prince_ribbit1

Skill      XL: |  1  2  3  4  5  6 |
---------------+-------------------+-----
Polearms       | 4 5 6 8 |  8.9
Fighting       | |  3.2
Dodging        | |  2.6

Action                   |  1- 3 |  4- 6 |  7- 9 || total
-------------------------+-------+-------+-------++-------
Melee: Spear             |    66 |   172 |    54 ||   292
       Tailslap          |     7 |    19 |    13 ||    39
       Halberd           |       |       |    12 ||    12
Invok: Berserk           |     7 |     6 |     2 ||    15
       Trog's Hand       |       |     6 |     1 ||     7
  Use: Potion            |       |     1 |       ||     1
       Scroll            |       |     2 |       ||     2
 Stab: Sleeping          |       |     2 |       ||     2
Armor: Skin              |    15 |    64 |    19 ||    98
Dodge: Dodged            |    25 |   121 |    36 ||   182
